 Dungeon Crawl Stone Soup version 0.18.0-1-g0107ab7 (webtiles) character file.

104 Lovchig the Covered (level 4, -1/40 HPs)
             Began as a Minotaur Fighter on May 5, 2016.
             Slain by Sigmund
             ... wielding a +0 scythe
              (12 damage)
             ... on level 2 of the Dungeon.
             The game lasted 00:03:15 (985 turns).

Lovchig the Covered (Minotaur Fighter)               Turns: 985, Time: 00:03:15

Health: -1/40      AC:  9    Str: 21    XL:     4   Next: 52%
Magic:  3/3        EV:  6    Int:  5    God:
Gold:   71         SH:  9    Dex: 10    Spells: 0 memorised, 3 levels left

rFire  . . .     SeeInvis .     a - +0 war axe
rCold  . . .     Gourm    .     p - +0 chain mail
rNeg   . . .     Faith    .     c - +0 shield
rPois  .         Spirit   .     (helmet restricted)
rElec  .         Dismiss  .     (no cloak)
rCorr  .         Reflect  .     (no gloves)
SustAt .         Harm     .     (no boots)
MR     .....                    (no amulet)
Stlth  ..........               (no ring)
                                n - ring of wizardry

@: not resistant to hostile enchantments, extremely unstealthy
A: retaliatory headbutt, horns 2
a: no special abilities


You were on level 2 of the Dungeon.
You were not hungry.

You visited 1 branch of the dungeon, and saw 2 of its levels.

You collected 71 gold pieces.

Inventory:

Hand Weapons
 a - a +0 war axe (weapon)
Armour
 b - a +0 scale mail
 c - a +0 shield (worn)
 p - a +0 chain mail (worn)
Jewellery
 n - a ring of wizardry (left hand)
 r - a +5 ring of intelligence {unknown}
Scrolls
 e - a scroll of identify {unknown}
 g - a scroll of fog {unknown}
 h - 2 scrolls of teleportation {unknown}
 i - a scroll of recharging {unknown}
 l - a scroll of enchant armour {unknown}
Potions
 d - a potion of might
 k - 2 potions of flight {unknown}
 m - a potion of agility {unknown}
 o - a potion of cure mutation {unknown}
 q - a potion of berserk rage {unknown}
Comestibles
 f - 2 bread rations
 j - 2 meat rations


   Skills:
 * Level 4.2 Fighting
 * Level 3.1 Axes
 * Level 4.7 Armour
 * Level 1.2 Dodging
 * Level 4.4 Shields


You had 3 spell levels left.
You didn't know any spells.

Dungeon Overview and Level Annotations

Branches:
Dungeon (2/15)

Altars:

Annotations:
D:2 Sigmund


Innate Abilities, Weirdness & Mutations

You reflexively headbutt those who attack you in melee.
You have a pair of horns on your head.


Message History

Sigmund gestures at you while chanting.
You are confused.
You bump into the rock wall.
Sigmund casts a spell at you. The puff of flame hits you!
Sigmund casts a spell at you. The puff of flame hits you!
Sigmund gestures wildly while chanting.
Sigmund flickers and vanishes!
Deactivating autopickup; reactivate with Ctrl-A.
You bump into the rock wall.
Something hits you but does no damage.
You bump into the rock wall.
You bump into the rock wall.
You feel less confused.
You hear some strange, mumbled words.
A puff of flame appears from out of thin air!
The puff of flame hits you!
* * * LOW HITPOINT WARNING * * *
You completely miss something. Something hits you!
You die...

#..##.# ####
.####..##.#####.#
....
#................#
####
######.###.######
#.# #.# ### ###
#.# #.# #.. ..#
#.###†# #.# #.#
#..##.# #{# #.#
#..##.# #@# #.#
#..##.#####.#
#.#####
#...........#####
##......
##.##...........#
#.......
#.############.#
#.#####) #.# #.#
#.# #. #.# #.# #.#
#. #(# #.#####.#
#. #.# #.......#
#.


There were no monsters in sight!

Vanquished Creatures
  Jessica (D:2)
  Ijyb (D:2)
  3 adders (D:2)
  A giant gecko (D:1)
  3 bats
  5 hobgoblins
  A quokka (D:2)
  A ball python (D:1)
  7 goblins
  4 kobolds
  A rat (D:2)
28 creatures vanquished.

Notes
Turn   | Place    | Note
--------------------------------------------------------------
     0 | D:1      | Lovchig the Minotaur Fighter began the quest for the Orb.
     0 | D:1      | Reached XP level 1. HP: 19/19 MP: 0/0
   216 | D:1      | Reached XP level 2. HP: 27/27 MP: 1/1
   554 | D:2      | Noticed Ijyb
   568 | D:2      | Killed Ijyb
   568 | D:2      | Reached skill level 1 in Dodging
   568 | D:2      | Reached XP level 3. HP: 25/33 MP: 2/2
   638 | D:2      | Noticed Jessica
   648 | D:2      | Killed Jessica
   648 | D:2      | Reached XP level 4. HP: 25/40 MP: 3/3
   971 | D:2      | Noticed Sigmund
   985 | D:2      | Slain by Sigmund

Skill      XL: |  1  2  3  4 |
---------------+-------------+-----
Armour         | 4 |  4.7
Fighting       | 4 |  4.2
Dodging        | 1 |  1.2
Shields        | 4 |  4.4
Axes           | 3 |  3.1

Action                   |  1- 3 |  4- 6 || total
-------------------------+-------+-------++-------
Melee: War axe           |    47 |    48 ||    95
       Headbutt          |     5 |     7 ||    12
Armor: Scale mail        |    21 |       ||    21
       Chain mail        |     9 |    26 ||    35
Dodge: Dodged            |    14 |     6 ||    20
Block: Shield            |    30 |    30 ||    60
